 Dungeon Crawl Stone Soup version 0.23.0-3-gf3c87f2 (webtiles) character file.

Game seed: 13546978757651395042

122 shoop the Stinger (level 5, -14/37 HPs)
             Began as a Gnoll Venom Mage on Feb 20, 2019.
             Demolished by Crazy Yiuf
             ... wielding a +2 quarterstaff of chaos
              (19 damage)
             ... on level 2 of the Dungeon.
             The game lasted 00:06:05 (1988 turns).

shoop the Stinger (Gnoll Venom Mage)                Turns: 1988, Time: 00:06:07

Health: -14/37     AC: 10    Str:  8 (11) XL:     5   Next: 6%
Magic:  12/12      EV: -4    Int: 18      God:
Gold:   85         SH: 10    Dex: 15      Spells: 10/14 levels left

rFire    . . .     SeeInvis .   o - +2 long sword (slice)
rCold    + . .     Gourm    .   g - +0 large shield
rNeg     . . .     Faith    .   u - +0 plate armour
rPois    .         Spirit   .   (no helmet)
rElec    .         Reflect  .   (no cloak)
rCorr    .         Harm     .   (no gloves)
MR       .....                  (no boots)
Stlth    ..........             (no amulet)
HPRegen  0.12/turn              f - ring of protection from cold
MPRegen  0.13/turn              (no ring)

@: lethally poisoned (-14 -> -15), hasted, drained, very quick
A: distributed training, fangs 1, strong nose
a: no special abilities


You were on level 2 of the Dungeon.
You were not hungry.

You visited 1 branch of the dungeon, and saw 3 of its levels.

You collected 85 gold pieces.

Inventory:

Hand Weapons
 d - a +0 mace
 o - a +2 long sword of slicing (weapon)
Missiles
 r - a throwing net (quivered)
Armour
 a - a +0 robe
 g - a +0 large shield (worn)
 h - a +0 buckler
 i - a +0 chain mail
 j - a +0 shield
 t - a +0 ring mail
 u - a +0 plate armour (worn)
Jewellery
 f - a ring of protection from cold (left hand)
Scrolls
 b - 4 scrolls of identify
 n - a scroll of random uselessness {unknown}
 p - a scroll of remove curse {unknown}
 s - a scroll of enchant armour {unknown}
Potions
 e - 2 potions of curing
 k - a potion of degeneration
 m - a potion of brilliance {unknown}
Comestibles
 c - 5 rations
 q - a chunk of flesh


   Skills:
 + Level 1.3(0.5) Fighting
 + Level 1.3(0.5) Short Blades
 + Level 1.3(0.5) Long Blades
 + Level 1.3(0.5) Axes
 + Level 1.3(0.5) Maces & Flails
 + Level 1.3(0.5) Polearms
 + Level 1.3(0.5) Staves
 + Level 1.3(0.5) Slings
 + Level 1.3(0.5) Bows
 + Level 1.3(0.5) Crossbows
 + Level 1.3(0.5) Throwing
 + Level 1.3(0.5) Armour
 + Level 4.7(3.9) Dodging
 + Level 4.3(3.5) Stealth
 + Level 1.3(0.5) Shields
 + Level 1.3(0.5) Unarmed Combat
 + Level 5.1(4.3) Spellcasting
 + Level 2.3(1.5) Conjurations
 + Level 1.0(0.3) Hexes
 + Level 1.0(0.3) Charms
 + Level 1.0(0.3) Summonings
 + Level 1.0(0.3) Necromancy
 + Level 1.0(0.3) Translocations
 + Level 1.0(0.3) Transmutations
 + Level 1.0(0.3) Fire Magic
 + Level 1.0(0.3) Ice Magic
 + Level 1.0(0.3) Air Magic
 + Level 1.0(0.3) Earth Magic
 + Level 5.5(4.6) Poison Magic
 + Level 1.4(0.7) Invocations
 + Level 1.3(0.5) Evocations


You had 10 spell levels left.
You knew the following spells:

 Your Spells              Type           Power        Failure   Level  Hunger
a - Sting                 Conj/Pois      ###.         100%        1    None
c - Mephitic Cloud        Conj/Pois/Air  ##......     100%        3    ###....

Your spell library contained the following spells:

 Spells                   Type           Power        Failure   Level  Hunger
 Poisonous Vapours        Pois/Air       ##....       100%        2    ##.....
 Olgreb's Toxic Radiance  Pois           ###.....     100%        4    ####...
 Venom Bolt               Conj/Pois      ###.......   100%        5    ######.


Dungeon Overview and Level Annotations

Branches:
Dungeon (3/15)

Altars:
Elyvilon

Annotations:
D:2 Crazy Yiuf


Innate Abilities, Weirdness & Mutations

Your experience applies equally to all skills.
You have very sharp teeth.
Your uncanny sense of smell can sniff out nearby items.


Message History

Your plate armour prevents you from hitting Crazy Yiuf.
Crazy Yiuf is severely wounded.
Crazy Yiuf hits you but does no damage.
Your plate armour prevents you from hitting Crazy Yiuf.
Your bite misses Crazy Yiuf.
Crazy Yiuf is severely wounded.
Crazy Yiuf hits you but does no damage.
You are electrocuted!!
* * * LOW HITPOINT WARNING * * *
You hit Crazy Yiuf but do no damage. Your bite misses Crazy Yiuf.
Crazy Yiuf is severely wounded.
Crazy Yiuf waves his quarterstaff at you.
Crazy Yiuf hits you but does no damage.
You hit Crazy Yiuf.
Crazy Yiuf is almost dead.
You feel sick.
Crazy Yiuf hits you with a +2 quarterstaff of chaos.
* * * LOW HITPOINT WARNING * * *
You are electrocuted!!
Ouch! That really hurt!
You die...

.#.####.#####..#####.## #.# ####
### ##........# #.# #..####..#
#.# #........# #.# # ♣♣ ###
#........# #.# # .♣♣ ♣♣#..)#
#.......[# #.# # ♣.♣♣♣♣.'...#
#........# #.### ...♣.g♣#...#
#...####.# #####.... ..♣.♣♣♣ ###
#..@####.###......## ♣♣♣♣♣
#.g.................
#........###.######.
###############..########.######.
##....##.#.......................
..............>.################.
##....##.#......############ #.
##...........#.............#####.
##.#.###.#############...........


You could see Crazy Yiuf.

Vanquished Creatures
  Jessica (D:2)
  3 gnolls (D:3)
  3 adders
  3 dart slugs
  2 giant cockroaches (D:1)
  5 hobgoblins
  4 bats
  5 frilled lizards
  3 goblins (D:1)
  8 kobolds
  4 rats
41 creatures vanquished.

Vanquished Creatures (others)
  A bat (D:3)
1 creature vanquished.

Grand Total: 42 creatures vanquished

Notes
Turn   | Place    | Note
-------+----------+-------------------------------------------
     0 | D:1      | shoop the Gnoll Venom Mage began the quest for the Orb.
     0 | D:1      | Reached XP level 1. HP: 13/13 MP: 6/6
   125 | D:1      | Reached XP level 2. HP: 19/19 MP: 4/7
   417 | D:1      | Reached XP level 3. HP: 21/25 MP: 9/9
   469 | D:1      | Learned a level 3 spell: Mephitic Cloud
   512 | D:1      | Reached skill level 5 in Spellcasting
   587 | D:2      | Noticed Jessica
   592 | D:2      | Killed Jessica
   592 | D:2      | Reached skill level 1 in Fighting
   592 | D:2      | Reached skill level 1 in Short Blades
   592 | D:2      | Reached skill level 1 in Long Blades
   592 | D:2      | Reached skill level 1 in Axes
   592 | D:2      | Reached skill level 1 in Maces & Flails
   592 | D:2      | Reached skill level 1 in Polearms
   592 | D:2      | Reached skill level 1 in Staves
   592 | D:2      | Reached skill level 1 in Slings
   592 | D:2      | Reached skill level 1 in Bows
   592 | D:2      | Reached skill level 1 in Crossbows
   592 | D:2      | Reached skill level 1 in Throwing
   592 | D:2      | Reached skill level 1 in Armour
   592 | D:2      | Reached skill level 1 in Shields
   592 | D:2      | Reached skill level 1 in Unarmed Combat
   592 | D:2      | Reached skill level 1 in Invocations
   592 | D:2      | Reached skill level 1 in Evocations
   663 | D:2      | Reached XP level 4. HP: 32/32 MP: 7/11
   937 | D:2      | Found a runed translucent door.
   938 | D:2      | Noticed Crazy Yiuf
  1559 | D:3      | Found a white marble altar of Elyvilon.
  1686 | D:3      | Reached skill level 1 in Hexes
  1686 | D:3      | Reached skill level 1 in Charms
  1686 | D:3      | Reached skill level 1 in Summonings
  1686 | D:3      | Reached skill level 1 in Necromancy
  1686 | D:3      | Reached skill level 1 in Translocations
  1686 | D:3      | Reached skill level 1 in Transmutations
  1686 | D:3      | Reached skill level 1 in Fire Magic
  1686 | D:3      | Reached skill level 1 in Ice Magic
  1686 | D:3      | Reached skill level 1 in Air Magic
  1686 | D:3      | Reached skill level 1 in Earth Magic
  1891 | D:3      | Reached XP level 5. HP: 30/37 MP: 4/12
  1988 | D:2      | Demolished by Crazy Yiuf

Skill      XL: |  1  2  3  4 |
---------------+-------------+-----
Conjurations   | 2 |  2.3
Spellcasting   | 5 |  5.1
Fighting       | 1 |  1.3
Short Blades   | 1 |  1.3
Long Blades    | 1 |  1.3
Axes           | 1 |  1.3
Maces & Flails | 1 |  1.3
Polearms       | 1 |  1.3
Staves         | 1 |  1.3
Slings         | 1 |  1.3
Bows           | 1 |  1.3
Crossbows      | 1 |  1.3
Throwing       | 1 |  1.3
Armour         | 1 |  1.3
Shields        | 1 |  1.3
Unarmed Combat | 1 |  1.3
Invocations    | 1 |  1.4
Evocations     | 1 |  1.3
Hexes          | 1 |  1.0
Charms         | 1 |  1.0
Summonings     | 1 |  1.0
Necromancy     | 1 |  1.0
Translocations | 1 |  1.0
Transmutations | 1 |  1.0
Fire Magic     | 1 |  1.0
Ice Magic      | 1 |  1.0
Air Magic      | 1 |  1.0
Earth Magic    | 1 |  1.0
Dodging        | |  4.7
Stealth        | |  4.3
Poison Magic   | |  5.5

Action                   |  1- 3 |  4- 6 || total
-------------------------+-------+-------++-------
Melee: Mace              |    33 |       ||    33
       Bite              |     4 |     2 ||     6
       Long sword        |       |    23 ||    23
 Cast: Sting             |    28 |    37 ||    65
  Use: Scroll            |       |     2 ||     2
       Potion            |       |     2 ||     2
 Stab: Sleeping          |     3 |       ||     3
  Eat: Chunk             |       |     3 ||     3
Armor: Robe              |     6 |       ||     6
       Plate armour      |       |     9 ||     9
Dodge: Dodged            |    20 |     8 ||    28
Block: Large shield      |    13 |     6 ||    19
       Buckler           |     2 |     1 ||     3
       Rpst.: Long sword |       |     1 ||     1
